 Dungeon Crawl Stone Soup version 0.29-a0-384-g6960b1960d (webtiles) character file.

Game seed: 15411046810518354982

63 happo123 the Bolt Thrower (level 3, 0/30 HPs)
             Began as a Minotaur Hunter on May 7, 2022.
             Slain by a goblin
             ... wielding a +0 dagger
             ... led by Robin
              (6 damage)
             ... on level 2 of the Dungeon.
             The game lasted 00:07:38 (674 turns).

happo123 the Bolt Thrower (Minotaur Hunter)          Turns: 674, Time: 00:07:40

Health: 0/30       AC:  3    Str: 15    XL:     3   Next: 87%
Magic:  2/2        EV: 12    Int:  6    God:
Gold:   43         SH:  0    Dex: 15    Spells: 2/2 levels left

rFire   . . .      SeeInvis .   j - +1 short sword (elec)
rCold   . . .      Faith    .   (no shield)
rNeg    . . .      Spirit   .   b - +0 leather armour
rPois   .          Reflect  .   (helmet restricted)
rElec   .          Harm     +   f - scarf {harm}
rCorr   .          Rampage  .   (no gloves)
Will    .....                   (no boots)
Stlth   +.........              (no amulet)
HPRegen 0.10/turn               (no ring)
MPRegen 0.08/turn               (no ring)

@: no status effects
A: horns 2, retaliatory headbutt
a: no special abilities


You were on level 2 of the Dungeon.
You visited 1 branch of the dungeon, and saw 2 of its levels.

You collected 43 gold pieces.

Inventory:

Hand Weapons
 a - a +1 hand crossbow
 j - a +1 short sword of electrocution (weapon)
Armour
 b - a +0 leather armour (worn)
 f - a scarf of harm (worn)
Scrolls
 c - a scroll of immolation
 d - 2 scrolls of amnesia {unknown}
 e - a scroll of identify {unknown}
Potions
 g - a potion of magic {unknown}
 h - 2 potions of haste {unknown}


   Skills:
 + Level 2.7 Fighting
 + Level 5.8 Crossbows
 + Level 0.2 Armour
 + Level 2.4 Dodging
 + Level 0.7 Stealth


You had 2 spell levels left.
You didn't know any spells.
Your spell library was empty.

Dungeon Overview and Level Annotations

Branches:
Dungeon (2/15)

Altars:

Annotations:
D:2 Robin


Innate Abilities, Weirdness & Mutations

You have a pair of horns on your head.
You reflexively headbutt those who attack you in melee.


Message History

The goblin goes into a battle-frenzy!
You hit the worm. Lightning courses through the worm!
You kill the worm!
Robin says, "Kneel, worm!"
The goblin barely misses you.
You closely miss the goblin. The goblin hits you with a +0 club.
The goblin closely misses you. You furiously retaliate!
You headbutt the goblin.
You kill the goblin!
Robin throws the goblin at you! The goblin barely misses you.
You furiously retaliate!
You headbutt the goblin. You puncture the goblin!
You kill the goblin!
Robin zaps a wand.
You hear a grinding noise.
The now-empty wand crumbles to dust.
The goblin hits you with a +0 dagger.
Found a quarterstaff.
You hit the goblin. Your punch misses the goblin.
The goblin is severely wounded.
The hobgoblin hits you but does no damage.
The goblin hits you with a +0 dagger.
* * * LOW HITPOINT WARNING * * *
A worm comes into view.
You hit the goblin.
You kill the goblin!
A worm comes into view.
You hit the hobgoblin but do no damage. The goblin misses you.
You furiously retaliate!
You headbutt the goblin!
You kill the goblin!
The hobgoblin hits you but does no damage.
You completely miss the goblin. The hobgoblin closely misses you.
The goblin hits you with a +0 dagger.
* * * LOW HITPOINT WARNING * * *
You hit the hobgoblin.
Lightning courses through the hobgoblin!
You kill the hobgoblin!
The goblin hits you but does no damage. Robin throws the goblin at you!
* * * LOW HITPOINT WARNING * * *
The goblin hits you with a +0 dagger.
You die...

###...#...................
g...)..)..................
..w#..)##.#...####.......
#....##.#...# ##.......
#w..#.)....# #........
..##......#...# #.....<..
.....[..g#.#...##...#....†
....#..#)#g##.###.#.##...#
... #..#)@..# #.### ..
..#.#####..).. #. # . ..
.. ... #. # .. .. . .. .
... .#


You could see 2 worms, Robin and a goblin (strong).

Vanquished Creatures
  2 worms (D:2)
  A dart slug (D:1)
  6 endoplasms
  A giant cockroach (D:2)
  16 goblins
  3 hobgoblins
  4 jackals (D:1)
  3 kobolds
  2 quokkas
  5 bats (D:1)
  2 frilled lizards (D:1)
  3 rats (D:1)
48 creatures vanquished.

Notes
Turn   | Place    | Note
-------+----------+-------------------------------------------
     0 | D:1      | happo123 the Minotaur Hunter began the quest for the Orb.
     0 | D:1      | Reached XP level 1. HP: 18/18 MP: 0/0
    80 | D:1      | Reached XP level 2. HP: 25/25 MP: 1/1
    92 | D:1      | Reached skill level 5 in Crossbows
    92 | D:1      | Found a faded altar of an unknown god.
   314 | D:1      | Reached XP level 3. HP: 30/30 MP: 2/2
   650 | D:2      | Noticed Robin
   674 | D:2      | Slain by a goblin

Illustrated notes

Levels and vault maps discovered:
D:1:      elethiomel_arrival_quiet, layout_loops_ring,
          hellmonk_ecumenical_altar_dog_temple
D:2:      layout_rooms, serial_shops, nicolae_shop_crystal, basic_altar,
          hangedman_abyss_or_decor_stabs, minmay_misc_feat_x, uniq_robin

Skill      XL: |  1  2 |
---------------+-------+-----
Crossbows      | 5 |  5.8
Fighting       | |  2.7
Armour         | |  0.2
Dodging        | |  2.4
Stealth        | |  0.7

Action                   || total
-------------------------++-------
Melee: Short sword       ||    11
 Fire: Hand crossbow     ||    80
Armor: Leather armour    ||    10
Dodge: Dodged            ||    14

Table legend: (Time is in decaauts)
 A = Elapsed time spent in this place.
 B = Non-inter-level travel time spent in this place.
 C = Inter-level travel time spent in this place.
 D = Time resting spent in this place.
 E = Time spent auto-exploring this place.
 F = Levels seen in this place.
 G = Mean time per level.
                   A        B        C        D        E       F      G
               +--------+--------+--------+--------+--------+-----+--------+
         Total |    696 |    462 |    234 |      0 |    282 |   2 |  348.0 |
       Dungeon |    696 |    462 |    234 |      0 |    282 |   2 |  348.0 |
               +--------+--------+--------+--------+--------+-----+--------+

Top non-repeatable levels by time:
     D:1: 624 daAuts
     D:2: 71 daAuts
